 Dungeon Crawl Stone Soup version 0.28.0-53-g5a82cb258f (webtiles) character file.

Game seed: 6357879124838306294

198681 VictoriousLee the Bludgeoner (level 18, -4/116 (145) HPs)
             Began as a Demonspawn Monk on May 25, 2022.
             Was the Champion of Sif Muna.
             Slain by a balrug
             ... wielding a +2 demon whip of draining
             ... summoned by Asterion
              (9 damage)
             ... on level 2 of the Elven Halls on May 26, 2022.
             The game lasted 03:24:50 (34752 turns).

VictoriousLee the Bludgeoner (Demonspawn Monk)     Turns: 34752, Time: 03:24:50

HP:   -4/116 (145)  AC: 22    Str: 17    XL:     18   Next: 22%
MP:   27/27         EV: 20    Int: 11    God:    Sif Muna [******]
Gold: 2002          SH: 20    Dex: 23    Spells: 19/29 levels left

rFire   + + .      SeeInvis .   K - +1 morningstar (freeze)
rCold   + + .      Faith    .   p - +2 shield of Resistance {rF++ rC++ Will++}
rNeg    . . .      Spirit   .   u - +3 chain mail {Will+}
rPois   .          Reflect  +   A - +2 helmet
rElec   .          Harm     .   (cloak unavailable)
rCorr   .          Rampage  +   l - +0 pair of gloves of Generosity {Will++ Dex+4}
Will    +++++                   t - +2 pair of boots {rampage}
Stlth   ..........              X - amulet of reflection
HPRegen 0.29/turn               D - +4 ring of evasion
MPRegen 0.20/turn               b - ring of wizardry

@: agile, on berserk cooldown, slowed, heavily drained, repel missiles, very
slow
A: repulsion field 3, demonic guardian 2, powered by pain 3, weakness stinger 3
a: Renounce Religion, Channel Magic, Forget Spell, Divine Exegesis


You were on level 2 of the Elven Halls.
You worshipped Sif Muna.
Sif Muna was exalted by your worship.
You visited 6 branches of the dungeon, and saw 24 of its levels.
You also visited: Sewer and Volcano.

You collected 2420 gold pieces.
You spent 418 gold pieces at shops.

Inventory:

Hand Weapons
 k - a +1 bardiche of flaming
 K - a +1 morningstar of freezing (weapon)
 P - a +5 war axe of flaming
 T - a +0 morningstar
Missiles
 x - 4 silver boomerangs
 C - 3 curare-tipped darts
 F - 4 throwing nets
 L - 6 silver javelins
 O - 3 boomerangs of dispersal
 W - 6 datura-tipped darts
Armour
 l - the +0 pair of gloves of Generosity (worn) {Will++ Dex+4}
   (You found it on level 2 of the Dungeon)

   Dex:       It affects your dexterity (+4).
   Will:      It greatly increases your willpower.
 p - the +2 shield of Resistance (worn) {rF++ rC++ Will++}
   (You acquired it on level 8 of the Dungeon)

   rF:        It greatly protects you from fire.
   rC:        It greatly protects you from cold.
   Will:      It greatly increases your willpower.
 t - a +2 pair of boots of rampaging (worn)
 u - a +3 chain mail of willpower (worn)
 w - a +3 plate armour
 A - a +2 helmet (worn)
 R - a +5 ring mail
Magical Staves
 Y - a staff of death
Jewellery
 a - a ring of positive energy
 b - a ring of wizardry (right hand)
 q - a ring of flight
 y - a +4 ring of evasion
 D - a +4 ring of evasion (left hand)
 S - a ring of positive energy
 U - a ring of resist corrosion
 X - an amulet of reflection (around neck)
Wands
 g - a wand of paralysis (8)
 j - a wand of digging (11)
 m - a wand of flame (20)
 s - a wand of polymorph (20)
 H - a wand of charming (4)
 I - a wand of mindburst (25)
 N - a wand of acid (7)
 Q - a wand of iceblast (26)
Scrolls
 f - 15 scrolls of teleportation
 n - 2 scrolls of brand weapon
 o - 3 scrolls of identify
 B - 3 scrolls of fog
 E - a scroll of silence
 G - 7 scrolls of blinking
 M - 2 scrolls of enchant armour
Potions
 c - a potion of heal wounds
 d - 3 potions of attraction
 e - a potion of invisibility
 h - 8 potions of curing
 i - 2 potions of mutation
 r - a potion of magic
 v - 4 potions of cancellation
 J - 3 potions of flight
 V - a potion of lignification


   Skills:
 - Level 13.8 Fighting
 - Level 2.1(2.7) Short Blades
 - Level 2.6(3.0) Long Blades
 * Level 4.4(11.3) Axes
 - Level 16.0(16.2) Maces & Flails
 - Level 1.1(4.5) Slings
 - Level 7.1 Throwing
 - Level 8.0 Armour
 - Level 2.6 Dodging
 - Level 1.7 Stealth
 - Level 10.0 Shields
 - Level 6.2 Spellcasting
 - Level 7.6 Necromancy
 - Level 9.0 Translocations
 - Level 6.1 Evocations


You had 19 spell levels left.
You knew the following spells:

 Your Spells              Type           Power      Damage    Failure   Level
a - Apportation           Tloc           46%        N/A       4%          1
b - Portal Projectile     Hex/Tloc       26%        N/A       63%         3
c - Animate Skeleton      Necr           40%        N/A       9%          1
d - Blink                 Tloc           46%        N/A       8%          2
e - Lesser Beckoning      Tloc           23%        N/A       14%         3

Your spell library contained the following spells:

 Spells                   Type           Power      Damage    Failure   Level
 Sublimation of Blood     Necr           20%        N/A       12%         2
 Passage of Golubria      Tloc           23%        N/A       41%         4
 Animate Dead             Necr           10%        N/A       58%         4
 Manifold Assault         Tloc           23%        N/A       75%         5
 Foxfire                  Conj/Fire      12%        2x1d4     86%         1
 Freeze                   Ice            12%        1d4       86%         1
 Magic Dart               Conj           12%        1d3       86%         1
 Sandblast                Erth           6%         2d5       86%         1
 Shock                    Conj/Air       12%        1d3       86%         1
 Slow                     Hex            12%        N/A       86%         1
 Summon Small Mammal      Summ           12%        N/A       86%         1
 Agony                    Necr           20%        N/A       89%         5
 Excruciating Wounds      Necr           10%        N/A       89%         5
 Call Imp                 Summ           3%         N/A       94%         2
 Ensorcelled Hibernation  Hex/Ice        6%         N/A       94%         2
 Poisonous Vapours        Pois/Air       6%         N/A       94%         2
 Scorch                   Fire           6%         2d5       94%         2
 Static Discharge         Conj/Air       3%         N/A       94%         2
 Wereblood                Tmut           3%         N/A       94%         2
 Iskenderun's Mystic Bla  Conj/Tloc      13%        2d5       95%         4
 Confusing Touch          Hex            3%         N/A       99%         3
 Conjure Flame            Conj/Fire      3%         6-21      99%         3
 Dazzling Flash           Conj/Hex       6%         N/A       99%         3
 Frozen Ramparts          Ice            6%         1d2       99%         3
 Mephitic Cloud           Conj/Pois/Air  3%         N/A       99%         3
 Ozocubu's Armour         Ice            3%         N/A       99%         3
 Tukima's Dance           Hex            3%         N/A       99%         3
 Dispersal                Tloc           11%        N/A       99%         6
 Flame Wave               Conj/Fire      3%         2d4       100%        4
 Fulminant Prism          Conj/Hex       1%         3d6       100%        4
 Petrify                  Tmut/Erth      3%         N/A       100%        4
 Sticky Flame             Conj/Fire      3%         2d3       100%        4
 Summon Lightning Spire   Summ/Air       3%         N/A       100%        4
 Blade Hands              Tmut           1%         N/A       100%        5
 Freezing Cloud           Conj/Ice/Air   1%         6-21      100%        5
 Irradiate                Conj/Tmut      1%         3d14      100%        5
 Iskenderun's Battlesphe  Conj           3%         2d6       100%        5
 Lightning Bolt           Conj/Air       1%         1d12      100%        5
 Metabolic Englaciation   Hex/Ice        1%         N/A       100%        5
 Summon Forest            Summ/Tloc      6%         N/A       100%        5
 Summon Mana Viper        Hex/Summ       3%         N/A       100%        5
 Yara's Violent Unravell  Hex/Tmut       1%         3d3       100%        5
 Iron Shot                Conj/Erth      1%         9d1       100%        6
 Simulacrum               Ice/Necr       5%         N/A       100%        6
 Statue Form              Tmut/Erth      2%         N/A       100%        6
 Summon Cactus Giant      Summ           1%         N/A       100%        6
 Enfeeble                 Hex            1%         N/A       100%        7
 Haunt                    Necr/Summ      5%         N/A       100%        7
 Storm Form               Tmut/Air       1%         N/A       100%        7
 Summon Hydra             Summ           1%         N/A       100%        7
 Borgnjor's Revivificati  Necr           10%        N/A       100%        8
 Disjunction              Tloc           11%        N/A       100%        8
 Lehudib's Crystal Spear  Conj/Erth      1%         10d2      100%        8
 Maxwell's Capacitive Co  Air            1%         ∞         100%        8
 Fire Storm               Conj/Fire      1%         8d1       100%        9
 Polar Vortex             Ice            1%         N/A       100%        9


Dungeon Overview and Level Annotations

Branches:
Dungeon (12/15)            Temple (1/1) D:6            Lair (6/6) D:10
 Shoals (1/4) Lair:3        Snake (0/4) Lair:4        Slime (0/5) Lair:6
    Orc (2/2) D:12            Elf (2/3) Orc:2         Sewer (visited)
Volcano (visited)

Altars:
Ashenzari
Cheibriados
Dithmenos
Elyvilon
Fedhas
Gozag
Hepliaklqana
Kikubaaqudgha
Makhleb
Nemelex Xobeh
Okawaru
Qazlal
Ru
Sif Muna
Trog
Uskayaw
Vehumet
Wu Jian
Xom
Yredelemnul
Zin
The Shining One
Beogh
Jiyva
Lugonu

Shops:
D:2 *=   D:8 (   D:12 (   Orc:1 *   Orc:2 *:[(

Portals:
Abyss: Lair:6

Annotations:
D:3 1 runed translucent door, Crazy Yiuf
D:6 1 runed translucent door, KittyFluff's ghost, novice GrBe
Elf:2 4 runed doors, Asterion


Innate Abilities, Weirdness & Mutations

You are surrounded by a strong repulsion field. (EV +4, RMsl)
A demonic guardian rushes to your aid.
You are powered by pain.
You have a sharp stinger which inflicts weakening toxins.


Message History

Asterion completely misses you. You block Asterion's attack.
The balrug hits you but does no damage.
You feel drained. Asterion hits you but does no damage.
You feel drained. You block Asterion's attack.
You block the fire elemental's attack.
The balrug hits you with a +2 demon whip of draining!!
You are engulfed in flames.
You resist.
You feel drained.
You hit Asterion. You freeze Asterion.
Asterion is almost dead.
You block Asterion's attack. Asterion barely misses you.
You block the fire elemental's attack.
The balrug hits you with a +2 demon whip of draining!
You are engulfed in flames!
You resist.
* * * LOW HITPOINT WARNING * * *
You feel drained.
* * * LOW HITPOINT WARNING * * *
Asterion misses you. You block Asterion's attack. The fire elemental hits you.
The fire elemental burns you! You resist.
* * * LOW HITPOINT WARNING * * *
Asterion blocks your attack.
Asterion is almost dead.
You block Asterion's attack. Asterion barely misses you.
You block the balrug's attack. You block the fire elemental's attack.
Asterion barely misses you. Asterion closely misses you. The balrug misses you.
Asterion blocks your attack.
Asterion is almost dead.
The fire elemental hits you. The fire elemental burns you! You resist.
* * * LOW HITPOINT WARNING * * *
Asterion says, "Kneel before Makhleb, unbeliever!"
You block Asterion's attack. Asterion gores you but does no damage.
You block the balrug's attack. You block the fire elemental's attack.
Asterion closely misses you. Asterion misses you.
You puncture Asterion! You freeze Asterion. Asterion blocks your attack.
Asterion is almost dead.
You block the fire elemental's attack.
Asterion conjures a destructive force in the name of Makhleb!
The bolt of negative energy hits you!!
You feel drained.
* * * LOW HITPOINT WARNING * * *
A demonic guardian appears!
The balrug hits you with a +2 demon whip of draining!
You die...

##†#........#
##[###+##.....
##[## .....
##.## ..... +.
##)## ...#u
+.. ##H##
.....
+...####.##
...[.
+.['.).H##
.....
........2@#
........)E#
###......3+
#.......#
#.......#
+##...###
#.### #. #


You could see Asterion (fast), a balrug (summoned), a fire elemental (ally
target) and a friendly soul eater (summoned).

Vanquished Creatures
  Roxanne (Shoals:1)
  2 orc warlords
  2 deep elf sorcerers
  Azrael (Orc:2)
  2 merfolk impalers
  2 merfolk javelineers (Shoals:1)
  A deep elf high priest (Elf:1)
  Harold (D:10)
  Erolcha (D:10)
  3 boulder beetles
  4 hydras
  A two-headed ogre (D:10)
  3 centaur warriors
  2 merfolk aquamancers
  7 dancing weapons (Elf:1)
  Erica (D:8)
  17 death yaks
  An orc high priest (Orc:2)
  2 thrashing horrors (Lair:6)
  4 deep elf knights
  A fire crab (Volcano)
  Nergalle (Lair:3)
  5 skeletal warriors
  2 lindwurms
  Pikel (D:8)
  5 deep elf archers
  An orc knight (Orc:1)
  13 deep elf pyromancers
  6 harpies
  8 deep elf zephyrmancers (Elf:1)
  6 manticores
  9 ugly things
  5 cyclopes
  8 orc sorcerers
  7 black mambas
  A water nymph (Shoals:1)
  4 merfolk sirens
  19 elephants
  Maurice (D:10)
  A torpor snail (Lair:4)
  A smoke demon (Lair:6)
  13 cane toads
  2 molten gargoyles (Volcano)
  A kobold demonologist (D:10)
  Maggie (D:8)
  5 rime drakes
  2 unseen horrors (D:10)
  6 komodo dragons
  A yaktaur (D:11)
  2 ancient zymes (Lair:6)
  5 trolls
  6 merfolk
  3 polar bears
  9 dream sheep
  A wind drake (Shoals:1)
  19 blink frogs
  2 slime creatures (D:11)
  3 snapping turtles (Shoals:1)
  A meliai zombie (D:11)
  A water elemental (Elf:1)
  An air elemental (Elf:1)
  5 ynoxinuls (Lair:6)
  64 yaks
  A spriggan (Lair:6)
  3 fire elementals
  A wraith (D:10)
  2 vampires (D:11)
  3 wyverns
  5 basilisks
  5 fire bats (Volcano)
  3 vampire mosquitoes (D:11)
  2 large abominations (Lair:6)
  2 steam dragons (D:8)
  3 chaos spawn (Elf:1)
  An acid dragon (D:12)
  3 nagas (Lair:4)
  3 wargs
  4 hell hounds
  20 water moccasins
  39 orc warriors
  An ice beast (D:5)
  A sky beast (D:7)
  4 black bears
  A necrophage (D:3)
  9 ogres
  A boggart (D:11)
  8 wolves
  A lemure (D:8)
  3 centaurs
  2 kobold brigands (Sewer)
  11 bullfrogs
  A wyvern zombie (D:7)
  2 gnoll sergeants
  2 scorpions
  11 small abominations (Lair:6)
  An earth elemental (Elf:1)
  10 killer bees
  A howler monkey (D:8)
  11 wights
  An electric eel (Lair:2)
  4 centaur zombies
  8 lava snakes
  A bullfrog zombie (D:5)
  6 jellies
  16 orc priests
  4 hounds
  A centaur skeleton (D:5)
  A gnoll shaman (D:9)
  An iguana (D:6)
  20 orc wizards
  2 howler monkey zombies
  Robin (D:3)
  A howler monkey skeleton (D:6)
  19 gnolls
  13 adders
  5 river rats
  A white imp (D:5)
  An ufetubus (D:6)
  An adder skeleton (D:4)
  A dart slug (D:2)
  80 orcs
  4 bats
  7 endoplasms
  8 giant cockroaches
  19 goblins
  13 hobgoblins
  14 ball pythons
  3 frilled lizards
  17 kobolds
  26 rats
796 creatures vanquished.

Vanquished Creatures (collateral kills)
  A boulder beetle (D:11)
  A merfolk avatar (Shoals:1)
  A dancing weapon (Elf:1)
  3 death yaks
  A harpy (Shoals:1)
  A gargoyle (D:12)
  A troll (Orc:1)
  A fire elemental (Orc:2)
  Grum (Lair:1)
  An acid dragon (D:11)
  An orc warrior (D:12)
  2 ogres
  A gnoll sergeant (D:9)
  A gnoll shaman (D:9)
  An orc wizard (Orc:2)
  A river rat (Sewer)
  2 orcs
  2 hobgoblins (D:3)
  A ball python (Sewer)
  A bat (D:2)
  2 goblins (D:3)
  3 rats (Sewer)
30 creatures vanquished.

Vanquished Creatures (others)
  A fire bat (Volcano)
  A steam dragon (Volcano)
  An orc (D:8)
  32 fungi
  88 plants
  A withered plant (D:3)
124 creatures vanquished.

Grand Total: 950 creatures vanquished

Notes
Turn   | Place    | Note
-------+----------+-------------------------------------------
     0 | D:1      | VictoriousLee the Demonspawn Monk began the quest for the
                  | Orb.
     0 | D:1      | Reached XP level 1. HP: 18/18 MP: 1/1
   162 | D:1      | Reached skill level 3 in Maces & Flails
   521 | D:1      | Gained mutation: You are surrounded by a mild repulsion
                  | field. (EV +2) [demonic ancestry]
   521 | D:1      | Reached XP level 2. HP: 19/24 MP: 2/2
  1191 | D:2      | Gained mutation: A weak demonic guardian rushes to your
                  | aid. [demonic ancestry]
  1191 | D:2      | Reached XP level 3. HP: 14/29 MP: 3/3
  1410 | D:2      | Found Macuad's Jewellery Shop.
  1428 | D:2      | Reached skill level 1 in Armour
  1536 | D:2      | Reached skill level 4 in Maces & Flails
  1673 | D:2      | Identified the +0 pair of gloves of Generosity {Will++
                  | Dex+4}
  1689 | D:2      | Gained mutation: You sometimes gain a little power by
                  | taking damage. [demonic ancestry]
  1689 | D:2      | Reached XP level 4. HP: 35/35 MP: 4/4
  1847 | D:2      | Found Raeg's Assorted Antiques.
  2043 | D:3      | Noticed a necrophage
  2070 | D:3      | Killed a necrophage
  2071 | D:3      | Gained mutation: You have a small tail. [demonic ancestry]
  2071 | D:3      | Reached XP level 5. HP: 40/41 MP: 5/5
  2090 | D:3      | Found a glowing drain.
  2105 | D:3      | Reached skill level 5 in Maces & Flails
  2179 | D:3      | Found a runed translucent door.
  2180 | D:3      | Noticed Crazy Yiuf
  2203 | Sewer    | Entered a sewer
  2351 | Sewer    | Gained mutation: You sometimes gain power by taking damage.
                  | [demonic ancestry]
  2351 | Sewer    | Reached XP level 6. HP: 39/47 MP: 6/6
  2584 | Sewer    | Reached skill level 1 in Short Blades
  2614 | Sewer    | Reached skill level 1 in Slings
  2993 | D:3      | Found a faded altar of an unknown god.
  3193 | D:3      | Noticed Robin
  3219 | D:3      | Killed Robin
  4210 | D:4      | Reached skill level 1 in Long Blades
  4210 | D:4      | Reached XP level 7. HP: 51/52 MP: 7/7
  4606 | D:5      | Entered Level 5 of the Dungeon
  4681 | D:5      | Found an ornate altar of the Wu Jian Council.
  5658 | D:5      | Reached skill level 6 in Maces & Flails
  5828 | D:6      | Identified the +4 dagger "Woin Ymo" {vorpal, Dex+7}
  6008 | D:5      | Gained mutation: You have a tail ending in a sharp stinger.
                  | [demonic ancestry]
  6008 | D:5      | Reached XP level 8. HP: 49/58 MP: 6/8
  6063 | D:6      | Reached skill level 7 in Maces & Flails
  6110 | D:6      | Identified the +0 robe of the Marlin {Str-4 Dex+6}
  6192 | D:6      | Found a runed translucent door.
  6192 | D:6      | Noticed KittyFluff's ghost (novice GrBe)
  6401 | D:6      | Reached skill level 8 in Maces & Flails
  6787 | D:6      | Found a staircase to the Ecumenical Temple.
  6822 | Temple   | Entered the Ecumenical Temple
  7023 | D:3      | Prayed at the altar of an unknown god.
  7023 | D:3      | Became a worshipper of Sif Muna the Loreminder
  7023 | D:3      | Reached * piety under Sif Muna
  7023 | D:3      | Reached ** piety under Sif Muna
  7226 | D:7      | Reached skill level 9 in Maces & Flails
  7287 | D:7      | Reached *** piety under Sif Muna
  7298 | D:7      | Reached XP level 9. HP: 60/63 MP: 9/9
  7661 | D:7      | Reached skill level 10 in Maces & Flails
  7999 | D:8      | Noticed Pikel
  8014 | D:8      | Killed Pikel
  8064 | D:8      | Identified a scroll of acquirement
  8064 | D:8      | Acquired the +2 shield of Resistance {rF++ rC++ Will++}
  8064 | D:8      | Found the +2 shield of Resistance {rF++ rC++ Will++}
  8089 | D:8      | Found Puuku's Weapon Shop.
  8161 | D:8      | Noticed Maggie
  8195 | D:8      | Killed Maggie
  8196 | D:8      | Reached skill level 5 in Shields
  8357 | D:8      | Identified the +5 quarterstaff "Wisch" {antimagic, Fly
                  | rPois rC- Will-}
  8455 | D:8      | Noticed Erica
  8532 | D:8      | Killed Erica
  8642 | D:8      | Gained mutation: You are surrounded by a moderate repulsion
                  | field. (EV +3) [demonic ancestry]
  8642 | D:8      | Reached XP level 10. HP: 70/70 MP: 10/10
  9013 | D:9      | Reached skill level 1 in Spellcasting
  9195 | D:9      | Reached **** piety under Sif Muna
  9317 | D:9      | Found an ancient bone altar of Kikubaaqudgha.
 10041 | D:10     | Entered Level 10 of the Dungeon
 10042 | D:10     | Found a stormy altar of Qazlal.
 10324 | D:2      | Bought an amulet of reflection for 390 gold pieces
 11132 | D:10     | Reached skill level 5 in Spellcasting
 11498 | D:10     | Noticed Maurice
 11523 | D:10     | Killed Maurice
 11524 | D:10     | Reached XP level 11. HP: 72/75 MP: 18/18
 11648 | D:10     | Found a staircase to the Lair.
 11846 | D:2      | Bought a scroll labelled DIOSEZI OXOUS for 28 gold pieces
 12122 | D:10     | Noticed a two-headed ogre
 12217 | D:10     | Killed a two-headed ogre
 12274 | D:10     | Noticed Harold
 12283 | D:10     | Killed Harold
 12445 | Lair:1   | Entered Level 1 of the Lair of Beasts
 12446 | Lair:1   | Noticed Grum
 12471 | D:10     | Reached skill level 10 in Shields
 12508 | D:10     | Learned a level 1 spell: Apportation
 12512 | D:10     | Learned a level 3 spell: Portal Projectile
 12550 | D:10     | Reached skill level 1 in Translocations
 12563 | Lair:1   | Killed Grum
 12845 | Lair:1   | Reached skill level 5 in Fighting
 12929 | Lair:1   | Noticed an eight-headed hydra
 12937 | Lair:1   | Killed an eight-headed hydra
 12989 | Lair:1   | You fall into a shaft and drop 1 floor!
 14020 | Lair:2   | Reached XP level 12. HP: 91/92 MP: 21/21
 14081 | Lair:2   | Reached skill level 5 in Translocations
 14402 | Lair:2   | Noticed an eight-headed hydra
 14413 | Lair:2   | Killed an eight-headed hydra
 14475 | Lair:2   | Reached skill level 1 in Evocations
 14923 | Lair:3   | Noticed Nergalle
 14956 | Lair:3   | Killed Nergalle
 15207 | Lair:3   | Found a staircase to the Shoals.
 16076 | Lair:4   | Noticed a four-headed hydra
 16085 | Lair:4   | Killed a four-headed hydra
 16213 | Lair:4   | Reached skill level 5 in Evocations
 16285 | Lair:4   | Found a staircase to the Snake Pit.
 16347 | Lair:4   | Reached ***** piety under Sif Muna
 16511 | Lair:4   | Gained mutation: You are powered by pain. [demonic
                  | ancestry]
 16511 | Lair:4   | Reached XP level 13. HP: 101/101 MP: 22/22
 17371 | Lair:4   | Reached skill level 11 in Maces & Flails
 17826 | Lair:5   | Received a gift from Sif Muna
 17829 | Lair:5   | Got Gimnaf's Handbook of Curses {god gift}
 18112 | Lair:5   | Reached skill level 12 in Maces & Flails
 18903 | Lair:5   | Reached skill level 13 in Maces & Flails
 19016 | Lair:5   | Reached skill level 10 in Fighting
 19355 | Lair:6   | Entered Level 6 of the Lair of Beasts
 19363 | Lair:6   | Gained mutation: You are surrounded by a strong repulsion
                  | field. (EV +4, RMsl) [demonic ancestry]
 19363 | Lair:6   | Reached XP level 14. HP: 99/110 MP: 23/23
 20006 | Lair:6   | Found a runed translucent door.
 20006 | Lair:6   | Found a viscous altar of Jiyva.
 20031 | Lair:6   | Found a staircase to the Slime Pits.
 20302 | Lair:6   | Reached skill level 14 in Maces & Flails
 20349 | Lair:6   | Received a gift from Sif Muna
 20368 | Lair:6   | Got Tiddoc's Disquisition on Combat Magic and
                  | Weightlessness {god gift}
 21539 | Lair:6   | Found a corrupted altar of Lugonu.
 21539 | Lair:6   | Found a one-way gate to the infinite horrors of the Abyss.
 21548 | Lair:6   | Got the Compendium of Necromancy
 22366 | Shoals:1 | Entered Level 1 of the Shoals
 22780 | D:11     | Reached skill level 1 in Necromancy
 22797 | D:11     | Learned a level 1 spell: Animate Skeleton
 22865 | D:11     | Reached skill level 15 in Maces & Flails
 22865 | D:11     | Noticed Erolcha
 22890 | D:11     | HP: 2/113 [boulder beetle (38)]
 22904 | D:10     | Killed Erolcha
 24410 | Shoals:1 | Reached XP level 15. HP: 102/119 MP: 24/24
 24638 | Shoals:1 | Reached skill level 1 in Throwing
 24797 | Shoals:1 | Identified Roxanne's Reference Book on Stones
 24797 | Shoals:1 | Noticed Roxanne
 25466 | Shoals:1 | Killed Roxanne
 26492 | D:11     | Reached skill level 16 in Maces & Flails
 27087 | D:11     | Received a gift from Sif Muna
 27090 | D:11     | Got Sif Muna's Incunabulum of Displacement {god gift}
 27582 | D:12     | Reached skill level 5 in Throwing
 27685 | D:12     | Learned a level 2 spell: Blink
 27689 | D:12     | Learned a level 3 spell: Lesser Beckoning
 27699 | D:12     | Gained mutation: You have a sharp stinger which inflicts
                  | weakening toxins. [demonic ancestry]
 27699 | D:12     | Reached XP level 16. HP: 128/129 MP: 25/25
 27700 | D:12     | Gained mutation: A demonic guardian rushes to your aid.
                  | [demonic ancestry]
 27700 | D:12     | Reached XP level 17. HP: 134/135 MP: 26/26
 28067 | D:12     | Found a staircase to the Orcish Mines.
 28067 | D:12     | Found Isaeduz's Weapon Shop.
 28336 | Orc:1    | Entered Level 1 of the Orcish Mines
 28374 | Orc:1    | Found a dark tunnel.
 28389 | Volcano  | Entered a volcano
 28649 | Volcano  | Found a burning altar of Makhleb.
 29543 | Orc:1    | Found Tijoexzy's Gadget Gallery.
 29847 | Orc:2    | Entered Level 2 of the Orcish Mines
 29850 | Orc:2    | Reached skill level 5 in Armour
 30263 | Orc:2    | Noticed Azrael
 30275 | Orc:2    | Killed Azrael
 30635 | Orc:1    | Reached ****** piety under Sif Muna
 30682 | Orc:2    | Received a gift from Sif Muna
 30707 | Orc:2    | Got Sif Muna's Compendium of Hurtful Black Arts {god gift}
 30845 | Orc:2    | Found Laef's Assorted Antiques.
 30899 | Orc:2    | Found Puip's Book Emporium.
 30955 | Orc:2    | Found a staircase to the Elven Halls.
 31462 | Orc:2    | Found Qyaborr's Antique Weapon Emporium.
 31466 | Orc:2    | Found Toicaz's Antique Armour Shoppe.
 31753 | Elf:1    | Entered Level 1 of the Elven Halls
 32572 | Elf:1    | Received a gift from Sif Muna
 32949 | Elf:1    | Got Sif Muna's Almanac of Lethal Ice {god gift}
 33050 | Elf:1    | Reached XP level 18. HP: 98/145 MP: 27/27
 33877 | Elf:1    | Reached skill level 1 in Axes
 34193 | Elf:2    | Found a huge runed gate.
 34193 | Elf:2    | Found a huge runed gate.
 34193 | Elf:2    | Found a huge runed gate.
 34193 | Elf:2    | Found a huge runed gate.
 34290 | Elf:2    | Noticed Asterion
 34752 | Elf:2    | HP: 5/116 [Asterion/bolt of negative energy (24)]
 34752 | Elf:2    | Slain by a balrug

Illustrated notes

Levels and vault maps discovered:
D:1:      lemuel_arrival_rhombus, layout_basic, serial_co_window_serial,
          co_window_paths_a, co_window_paths_b, co_window_of_opportunity_a,
          co_window_of_opportunity_a, co_window_paths_a, co_window_corner_ca,
          co_window_broadway_a, co_window_corner_ca, co_window_2corner,
          co_window_broadway_b, co_window_paths_d, interstate_on_off,
          minmay_misc_feat_tower
D:2:      layout_basic, serial_shops, nicolae_diamond_shop,
          nicolae_shop_behind_doors, solitary_fountain
D:3:      cheibrodos_greedy_goblins, layout_loops_cross, portal_sewer_entry_a,
          shapermc_ecumenical_altar_gd, uniq_robin, uniq_crazy_yiuf_cottage
D:4:      layout_loops_ring, saegor_snake_ambush
D:5:      layout_basic, mainiacjoe_overflow_catwalk, feat_on_display
D:6:      layout_cave_pools, minmay_temple_entry_nine_rooms,
          ebering_ghost_reflecting_pool, minivault_10
D:7:      layout_loops_ring
D:8:      layout_basic, serial_shops, shop, uniq_maggie, uniq_pikel, uniq_erica
D:9:      layout_basic, overflow_temple_1_default
D:10:     cheibrodos_helix_gallery, layout_loops_cross,
          overflow_temple_1_default, nicolae_qazlal_scattered_showers,
          dpeg_oklobed_lair, minivault_21, kennysheep_generic_room_4,
          uniq_harold, uniq_maurice
D:11:     layout_cave_pools, minmay_misc_feat_four_crosses, minivault_28,
          uniq_erolcha
D:12:     layout_cave_pools, orc_david_3, lightli_fourway_metalbox
Temple:   compressed_dpeg_circular_temple
Lair:1:   layout_long_grid, grunt_forest_small_clearings,
          chequers_serial_rivers_large_a, uniq_grum
Lair:2:   layout_gridlike
Lair:3:   layout_regular_city, elwin_shoals_entry_stream,
          nicolae_lair_grove_arrangements, uniq_nergalle
Lair:4:   layout_cave_pods, minmay_snake_entry_guardpost_small
Lair:5:   layout_cave_pods, grunt_megastairs_4
Lair:6:   hellmonk_lair_end_abyssal_woods, layout_layer_cave, slime_altar_2,
          minmay_stone_trees_small, lemuel_fruit_tree
Shoals:1: layout_shoals, st_sunken_huts, uniq_roxanne
Orc:1:    layout_caves, enter_volcano_2, nicolae_shop_gadgets
Orc:2:    grunt_orc_community_town_hall, layout_caves,
          grunt_orc_community_big_house_2, grunt_orc_community_big_house_1,
          grunt_orc_community_house_1, grunt_orc_community_house_3,
          grunt_orc_community_house_1, grunt_orc_community_house_2,
          nicolae_orc_sculptors_studio, nicolae_orc_crystal_geode, uniq_azrael
Elf:1:    layout_loops_corners, kennysheep_underground_church, st_stairs_5,
          amcnicky_mini_corridor_feature, nicolae_elf_free_trip_to_the_abyss
Elf:2:    elven_hall_of_blades_hangedman_original
          [nicolae_blade_entry_hurt_lockers], layout_geoelf_octagon,
          portal_ice_cave_entry_ugly_swarm, serial_shops, nicolae_stop_n_shop_1,
          door_vault, uniq_asterion

Skill      XL: |  1  2  3  4  5  6  7  8  9 10 11 12 13 14 15 16 17 18 |
---------------+-------------------------------------------------------+-----
Maces & Flails | 3 4 5 6 9 10 13 15 16 | 16.0
Armour         | 1 2 3 7 8 |  8.0
Short Blades   | 2 |  2.1
Slings         | 1 |  1.1
Long Blades    | 1 2 |  2.6
Shields        | 7 9 10 | 10.0
Spellcasting   | 5 6 |  6.2
Translocations | 4 8 9 |  9.0
Fighting       | 7 9 10 11 12 13 | 13.8
Evocations     | 5 6 |  6.1
Necromancy     | 3 4 7 |  7.6
Throwing       | 5 6 7 |  7.1
Axes           | 4 |  4.4
Dodging        | |  2.6
Stealth        | |  1.7

Action                   |  1- 3 |  4- 6 |  7- 9 | 10-12 | 13-15 | 16-18 || total
-------------------------+-------+-------+-------+-------+-------+-------++-------
Melee: Mace              |    91 |    69 |       |       |       |       ||   160
       Punch             |     1 |     3 |     4 |       |       |       ||     8
       Dagger            |       |   172 |     2 |       |       |       ||   174
       Tailslap          |       |    38 |    90 |   192 |   371 |   185 ||   876
       Long sword        |       |    85 |   106 |       |       |       ||   191
       Whip              |       |       |   341 |   297 |       |       ||   638
       Morningstar       |       |       |       |   683 |  1568 |   942 ||  3193
 Fire: Hunting sling     |       |    10 |     3 |       |       |       ||    13
Throw: Dart              |       |       |     1 |       |       |       ||     1
 Cast: Animate Skeleton  |       |       |       |       |     1 |       ||     1
Evoke: Wand              |       |       |     2 |    17 |     3 |     4 ||    26
  Use: Scroll            |       |       |    13 |    17 |     6 |     5 ||    41
       Potion            |       |       |     4 |     7 |    13 |    12 ||    36
 Stab: Sleeping          |     2 |       |       |       |     1 |     2 ||     5
       Distracted        |       |       |       |     1 |     2 |     2 ||     5
       Held in net/web   |       |       |       |     1 |       |       ||     1
       Invisible         |       |       |       |       |     6 |       ||     6
Armor: Ring mail         |    35 |    31 |     7 |   121 |   283 |    28 ||   505
       Scale mail        |       |   112 |    68 |       |       |       ||   180
       Steam dragon scal |       |       |       |    37 |       |       ||    37
       Chain mail        |       |       |       |       |       |   131 ||   131
Dodge: Dodged            |    81 |   205 |   231 |   411 |   799 |   249 ||  1976
       Repelled          |       |       |       |       |    10 |    13 ||    23
Block: Kite shield       |       |       |    41 |   854 |  1509 |   744 ||  3148
       Reflection        |       |       |       |    11 |    25 |    39 ||    75
